 Dungeon Crawl Stone Soup version 0.29.0-15-g675c0067aa (webtiles) character file.

Game seed: 17615162475426161927

398 Flure the Sneak (level 7, 0/43 HPs)
             Began as a Kobold Brigand on Sept 11, 2022.
             Killed from afar by an orc wizard (9 damage)
             ... with a puff of flame
             ... on level 5 of the Dungeon.
             The game lasted 00:05:58 (4967 turns).

Flure the Sneak (Kobold Brigand)                    Turns: 4967, Time: 00:05:59

Health: 0/43       AC:  5    Str:  9    XL:     7   Next: 10%
Magic:  7/7        EV: 15    Int: 12    God:
Gold:   152        SH:  0    Dex: 18    Spells: 6/6 levels left

rFire   . . .      SeeInvis .   q - +0 rapier (speed)
rCold   . . .      Faith    .   (no shield)
rNeg    . . .      Spirit   .   z - +0 leather armour {rPois}
rPois   +          Reflect  .   i - +0 helmet
rElec   .          Harm     .   c - +0 cloak
rCorr   .          Rampage  .   (no gloves)
Will    .....                   (no boots)
Stlth   +++++.....              (no amulet)
HPRegen 0.14/turn               (no ring)
MPRegen 0.10/turn               (no ring)

@: no status effects
A: small, no large weapons, nightstalker 3
a: no special abilities


You were on level 5 of the Dungeon.
You visited 1 branch of the dungeon, and saw 5 of its levels.

You collected 152 gold pieces.

Inventory:

Hand Weapons
 q - a +0 rapier of speed (weapon)
 w - a +1 dagger of venom
 x - a +2 dagger
 A - a +1 short sword of venom
Missiles
 a - 3 boomerangs
 d - 12 poisoned darts (quivered)
 e - 3 curare-tipped darts
 k - 47 stones
Armour
 c - a +0 cloak (worn)
 i - a +0 helmet (worn)
 l - the +1 ring mail of Jitah {rC+ rN+ Will+ Int+6}
   (You found it on level 2 of the Dungeon)

   Int:       It affects your intelligence (+6).
   rC:        It protects you from cold.
   rN:        It protects you from negative energy.
   Will:      It increases your willpower.
 z - a +0 leather armour of poison resistance (worn)
Wands
 b - a wand of polymorph (14)
Scrolls
 f - 5 scrolls of identify
 r - a scroll of brand weapon {unknown}
 s - a scroll of torment {unknown}
 t - a scroll of summoning {unknown}
 v - 3 scrolls of teleportation {unknown}
 y - a scroll of enchant armour {unknown}
Potions
 g - a potion of invisibility {unknown}
 h - a potion of might {unknown}
 j - a potion of cancellation {unknown}
 m - 2 potions of mutation {unknown}
 n - a potion of brilliance {unknown}
 o - 2 potions of curing
 u - 2 potions of heal wounds {unknown}
 B - a potion of flight {unknown}


   Skills:
 + Level 4.0 Fighting
 + Level 5.0 Short Blades
 - Level 3.0 Throwing
 + Level 4.0 Dodging
 + Level 7.1 Stealth


You had 6 spell levels left.
You didn't know any spells.
Your spell library contained the following spells:

 Spells                   Type           Power      Damage    Failure   Level
 Conjure Flame            Conj/Fire      0%         6-21      80%         3
 Ignite Poison            Fire/Tmut/Pois 0%         N/A       80%         3
 Sticky Flame             Conj/Fire      0%         2d3       99%         4


Dungeon Overview and Level Annotations

Branches:
Dungeon (5/15)
 Temple: D:4-7

Altars:
Yredelemnul

Annotations:
D:5 Menkaure


Innate Abilities, Weirdness & Mutations

You are small and have problems with some larger weapons.
You are completely attuned to the shadows.


Message History

Menkaure calls on the powers of darkness!
The orc convulses!
Your body is wracked with pain!
The white imp attacks as you move away! The white imp closely misses you.
The orc completely misses you.
As you read the scroll labelled ZUAKHYCUYK, it crumbles to dust.
It is a scroll of identify.
p - a scroll of fear The white imp misses you.
The orc hits you with a +0 hand axe.
Okay, then.
Unknown command.
Unknown command.
The orc wizard shouts!
The orc wizard casts a spell.
The orc wizard flickers and vanishes!
Deactivating autopickup; reactivate with Ctrl-A.
The orc hits you with a +0 hand axe. The orc attacks as you move away!
The orc misses you. The orc hits you but does no damage.
As you read the scroll of fear, it crumbles to dust.
You assume a fearsome visage.
Menkaure is unaffected.
The white imp looks frightened!
The orc looks frightened! x2
Something barely misses you.
You hit Menkaure.
Menkaure is moderately damaged.
Menkaure points at you and mumbles some strange words.
You struggle to resist.
You hit Menkaure. You punch Menkaure.
Menkaure is moderately damaged.
Something hits you.
You hit Menkaure.
Menkaure is heavily damaged.
Something hits you but does no damage. Menkaure hits you!
* * * LOW HITPOINT WARNING * * *
You hit Menkaure.
Menkaure is heavily damaged.
It was a potion of curing.
You feel better.
You hear some strange, mumbled words.
A puff of flame appears from out of thin air!
The puff of flame hits you!
You die...

...# #...........#
...# #...........#
...# #...........#
...# #.......5..o#
...# #...........#
^.## #...........#
..####...........##
.....+..>......M{.#
...###..........@.#
...# #............#
...###..... ......#
........... .####.#
........... .#
...........
....#...#..
##...#.#...


You could see Menkaure.

Vanquished Creatures
  2 scorpions
  2 howler monkeys
  2 iguanas
  Terence (D:3)
  3 adders
  An ufetubus (D:5)
  A worm (D:2)
  A dart slug (D:2)
  4 orcs
  8 ball pythons
  6 endoplasms
  2 giant cockroaches (D:4)
  10 goblins
  3 hobgoblins
  10 jackals
  3 quokkas
  8 bats
  3 frilled lizards
  8 kobolds
  4 rats
82 creatures vanquished.

Notes
Turn   | Place    | Note
-------+----------+-------------------------------------------
     0 | D:1      | Flure the Kobold Brigand began the quest for the Orb.
     0 | D:1      | Reached XP level 1. HP: 12/12 MP: 1/1
   315 | D:1      | Found a faded altar of an unknown god.
   332 | D:1      | Reached XP level 2. HP: 18/18 MP: 2/2
   827 | D:1      | Reached XP level 3. HP: 15/22 MP: 3/3
  1406 | D:2      | Identified the +1 ring mail of Jitah {rC+ rN+ Will+ Int+6}
  2462 | D:3      | Found a basalt altar of Yredelemnul.
  2471 | D:3      | Reached XP level 4. HP: 27/27 MP: 4/4
  2481 | D:3      | Noticed a scorpion
  2487 | D:3      | Killed a scorpion
  2488 | D:3      | Reached skill level 6 in Stealth
  2488 | D:3      | Reached XP level 5. HP: 15/32 MP: 5/5
  3305 | D:3      | Noticed Terence
  3308 | D:3      | Killed Terence
  3797 | D:4      | Reached XP level 6. HP: 19/37 MP: 6/6
  4530 | D:5      | Entered Level 5 of the Dungeon
  4663 | D:5      | Noticed Menkaure
  4797 | D:5      | Reached skill level 7 in Stealth
  4797 | D:5      | Reached XP level 7. HP: 43/43 MP: 7/7
  4865 | D:5      | Reached skill level 5 in Short Blades
  4965 | D:5      | HP: 1/43 [Menkaure (16)]
  4967 | D:5      | Killed from afar by an orc wizard

Illustrated notes

Levels and vault maps discovered:
D:1:      lightli_arrival_flooded_house, layout_loops_ring,
          ebering_ecumenical_altar_abandoned
D:2:      layout_loops_cross, minmay_tromino_v7
D:3:      layout_basic, mainiacjoe_overflow_small_starburst, uniq_terence
D:4:      layout_loops_ring
D:5:      layout_basic, serial_shops, nicolae_shop_advertising_works
          [nicolae_subvault_shop_adworks], uniq_menkaure

Skill      XL: |  1  2  3  4  5  6  7 |
---------------+----------------------+-----
Short Blades   | 3 4 5 |  5.0
Dodging        | 2 3 4 |  4.0
Fighting       | 3 4 |  4.0
Throwing       | 3 |  3.0
Stealth        | 6 7 |  7.1

Action                   |  1- 3 |  4- 6 |  7- 9 || total
-------------------------+-------+-------+-------++-------
Melee: Dagger            |    91 |   103 |       ||   194
       Punch             |       |     2 |     1 ||     3
       Rapier            |       |     1 |    13 ||    14
Throw: Dart              |     6 |     6 |       ||    12
  Use: Scroll            |       |       |     2 ||     2
       Potion            |       |       |     1 ||     1
 Stab: Sleeping          |    16 |    15 |     1 ||    32
Armor: Robe              |    15 |    10 |       ||    25
       Leather armour    |       |       |     4 ||     4
Dodge: Dodged            |    38 |    55 |    13 ||   106
